 Dungeon Crawl Stone Soup version 0.28-a0-1412-gf95308ed99 (webtiles) character file.

Game seed: 1560827862565807848

1331 IndexError the Caller (level 8, 0/58 HPs)
             Began as a Gnoll Summoner on Jan 7, 2022.
             Was an Initiate of Ashenzari.
             Succumbed to a hornet's poison
             ... on level 7 of the Dungeon.
             The game lasted 00:14:34 (8560 turns).

IndexError the Caller (Gnoll Summoner)              Turns: 8560, Time: 00:14:35

Health: 0/58       AC:  3    Str:  7    XL:     8   Next: 60%
Magic:  0/17       EV: 14    Int: 17    God:    Ashenzari [......]
Gold:   219        SH:  0    Dex: 13    Spells: 6/19 levels left

rFire   . . .      SeeInvis .   g - +3 mace (vorpal)
rCold   . . .      Faith    .   (no shield)
rNeg    . . .      Spirit   +   a - +1 robe
rPois   .          Reflect  .   (no helmet)
rElec   .          Harm     .   (no cloak)
rCorr   +          Rampage  .   (no gloves)
Will    .....                   (no boots)
Stlth   +++.......              r - amulet of guardian spirit {Spirit}
HPRegen 0.19/turn               l - ring of resist corrosion
MPRegen 0.15/turn               (no ring)

@: mighty, lethally poisoned (0 -> -3), hasted and slowed
A: fangs 1, strong nose, distributed training
a: Renounce Religion, Curse Item


You were on level 7 of the Dungeon.
You worshipped Ashenzari.
Ashenzari was noncommittal.
You visited 2 branches of the dungeon, and saw 8 of its levels.

You collected 219 gold pieces.

Inventory:

Hand Weapons
 g - a +3 vorpal mace (weapon)
   (You found it on level 1 of the Dungeon)
Missiles
 i - 10 boomerangs
Armour
 a - a +1 robe (worn)
Jewellery
 l - a ring of resist corrosion (left hand)
   (You found it on level 2 of the Dungeon)
 r - an amulet of guardian spirit (around neck) {Spirit}
   (You took it off a goblin on level 4 of the Dungeon)
Wands
 c - a wand of iceblast (10)
   (You found it on level 6 of the Dungeon)
Scrolls
 d - a scroll of enchant armour
 e - a scroll of fear
 f - 3 scrolls of teleportation
 m - a scroll of enchant weapon
Potions
 h - a potion of magic {unknown}
 j - 3 potions of degeneration {unknown}
 k - 3 potions of ambrosia {unknown}
 n - a potion of cancellation {unknown}
 p - 2 potions of flight {unknown}
 q - a potion of might
 s - 2 potions of brilliance {unknown}
 t - a potion of mutation {unknown}


   Skills:
 + Level 3.4 Fighting
 + Level 3.4 Short Blades
 + Level 3.4 Long Blades
 + Level 3.4 Axes
 + Level 3.4 Maces & Flails
 + Level 3.4 Polearms
 + Level 3.4 Staves
 + Level 3.4 Slings
 + Level 3.4 Bows
 + Level 3.4 Crossbows
 + Level 3.4 Throwing
 + Level 3.4 Armour
 + Level 5.8 Dodging
 + Level 5.4 Stealth
 + Level 3.4 Shields
 + Level 3.4 Unarmed Combat
 + Level 6.1 Spellcasting
 + Level 2.8 Conjurations
 + Level 2.8 Hexes
 + Level 7.7 Summonings
 + Level 2.8 Necromancy
 + Level 2.8 Translocations
 + Level 2.8 Transmutations
 + Level 2.8 Fire Magic
 + Level 2.8 Ice Magic
 + Level 2.8 Air Magic
 + Level 2.8 Earth Magic
 + Level 2.8 Poison Magic
 + Level 3.7 Invocations
 + Level 3.4 Evocations


You had 6 spell levels left.
You knew the following spells:

 Your Spells              Type           Power      Damage    Failure   Level
a - Summon Small Mammal   Summ           100%       N/A       1%          1
b - Call Canine Familiar  Summ           31%        N/A       1%          3
c - Call Imp              Summ           31%        N/A       1%          2
d - Summon Guardian Gole  Hex/Summ       23%        N/A       4%          3
e - Summon Lightning Spi  Summ/Air       23%        N/A       14%         4

Your spell library contained the following spells:

 Spells                   Type           Power      Damage    Failure   Level
 Beastly Appendage        Tmut           28%        N/A       4%          1
 Magic Dart               Conj           56%        1d5       4%          1
 Searing Ray              Conj           28%        2d5       6%          2
 Wereblood                Tmut           14%        N/A       6%          2
 Conjure Flame            Conj/Fire      14%        6-21      12%         3
 Ignite Poison            Fire/Tmut/Pois 14%        N/A       12%         3
 Spider Form              Tmut/Pois      14%        N/A       12%         3
 Tukima's Dance           Hex            14%        N/A       12%         3
 Fulminant Prism          Conj/Hex       7%         3d7       36%         4
 Iskenderun's Mystic Bla  Conj/Tloc      14%        2d5       36%         4
 Passage of Golubria      Tloc           14%        N/A       36%         4
 Sticky Flame             Conj/Fire      14%        2d4       36%         4
 Lee's Rapid Deconstruct  Erth           7%         3d7*      73%         5
 Yara's Violent Unravell  Hex/Tmut       7%         3d5       73%         5


Dungeon Overview and Level Annotations

Branches:
Dungeon (7/15)             Temple (1/1) D:6

Altars:
Ashenzari
Cheibriados
Dithmenos
Elyvilon
Fedhas
Gozag
Hepliaklqana
Kikubaaqudgha
Makhleb
Nemelex Xobeh
Okawaru
Qazlal
Ru
Sif Muna
Trog
Uskayaw
Vehumet
Wu Jian
Xom
Yredelemnul
Zin
The Shining One

Shops:
D:1 :   D:3 =   D:4 (=


Innate Abilities, Weirdness & Mutations

You have very sharp teeth.
Your uncanny sense of smell can sniff out nearby items.
Your experience applies equally to all skills.


Message History

You take 3 damage, and have 52/58 hp.
You now have 15/17 mp.
You thump the orc wizard!
No target in view!
No target in view!
Magic restored.
HP restored.
A hornet comes into view.
Things that are here:
a +0 dagger; a +0 robe; Health restored: 58; MP restored: 17
Casting: Summon Guardian Golem (dangerous; 4% risk of failure)
Confirm with . or Enter, or press ? or * to list all spells.
An electric hum fills the air.
You now have 13/17 mp.
Casting: Summon Lightning Spire (dangerous; 14% risk of failure)
Confirm with . or Enter, or press ? or * to list all spells.
You now have 10/17 mp.
Your hound closely misses the hornet.
The hornet stings you!
You suddenly lose the ability to move!
Your hound misses the hornet.
You can move again.
You take 11 damage, and have 47/58 hp.
You now have 9/17 mp.
Your hound bites the hornet.
The hornet stings you!
You are poisoned.
You shrug off the repeated paralysis!
The hornet stings you!
You feel yourself slow down.
Your hound bites the hornet.
You take 25 damage, and have 22/58 hp.
MASSIVE DAMAGE!!
You now have 5/17 mp.
You feel very sick. The hornet misses you.
Your hound barely misses the hornet.
Your lightning spire shoots out a bolt of lightning at the hornet!
The bolt of electricity misses the hornet.
The bolt of electricity hits the hornet.
The hornet closely misses you.
Your hound bites the hornet but does no damage.
You take 3 damage, and have 19/58 hp.
You feel yourself speed up.
You feel sick.
Your lightning spire disappears in a puff of smoke!
The hornet closely misses you.
Your hound bites the hornet but does no damage.
The hornet closely misses you.
Your hound barely misses the hornet.
You take 2 damage, and have 17/58 hp.
You feel sick. The hornet stings you.
* * * LOW HITPOINT WARNING * * *
You are more poisoned.
You feel yourself slow down.
Your hound bites the hornet.
You take 2 damage, and have 15/58 hp.
Casting: Call Canine Familiar (safe; 1% risk of failure)
Confirm with . or Enter, or press ? or * to list all spells.
You miscast Summon Lightning Spire.
You are very lightly contaminated with residual magic.
Nothing appears to happen.
* * * LOW HITPOINT WARNING * * *
You feel very sick. The hornet misses you.
Your hound barely misses the hornet.
The hornet closely misses you.
Your hound bites the hornet but does no damage.
You take 4 damage, and have 11/58 hp.
You now have 1/17 mp.
Casting: Summon Lightning Spire (dangerous; 14% risk of failure)
Confirm with . or Enter, or press ? or * to list all spells.
You don't have enough magic to cast this spell.
You feel better. The hornet stings you.
* * * LOW HITPOINT WARNING * * *
You are lethally poisoned!
You feel as though you will be slow longer.
Your hound bites the hornet but does no damage.
The hornet stings your hound.
Your hound is poisoned.
Your hound seems to slow down.
Your hound barely misses the hornet.
You regained 2 hp, and now have 13/58 hp.
Okay, then.
Casting: Summon Lightning Spire (dangerous; 14% risk of failure)
Confirm with . or Enter, or press ? or * to list all spells.
You don't have enough magic to cast this spell.
You feel better. The hornet stings you.
You are poisoned.
You feel as though you will be slow longer.
Your hound bites the hornet.
The hornet closely misses you.
Your hound misses the hornet.
You regained 9 hp, and now have 22/58 hp.
You feel yourself speed up.
You feel very sick.
Your hound is no longer moving slowly.
The hornet barely misses you. The hornet closely misses you.
Your hound bites the hornet but does no damage.
The hornet stings you but does no damage.
You take 4 damage, and have 18/58 hp.
You feel sick.
Your hound misses the hornet.
You take 2 damage, and have 16/58 hp.
You feel sick. The hornet stings you!
* * * LOW HITPOINT WARNING * * *
You feel as though you will be slow longer.
You take 14 damage, and have 2/58 hp.
MASSIVE DAMAGE!!
You now have 0/17 mp.
* * * LOW HITPOINT WARNING * * *
You feel sick.
Your hound bites the hornet.
Your magical contamination has completely faded away.
You take 1 damage, and have 1/58 hp.
It was a potion of might.
You feel very mighty all of a sudden.
You die...

###########
#.........#
>#.........#
.......<...+
.#.........#
######.#### .
...#####..#
..
........@.#
...
.###.###.y##
..# ∆
∆##.h#####..#
##.......# ∆
####.####
∆#.)...#
##.##.#
##!##.#
#.##.#


You could see a hornet (ally target) and a friendly hound (summoned, poisoned).

Vanquished Creatures
  A water moccasin (D:6)
  A hound (D:6)
  2 orc wizards
  A scorpion zombie (D:5)
  2 adders
  A gnoll (D:5)
  A worm (D:2)
  An orc (D:6)
  4 ball pythons
  4 endoplasms
  A giant cockroach (D:2)
  6 goblins
  4 hobgoblins
  3 quokkas
  3 bats
  3 frilled lizards
  4 kobolds
  2 rats
44 creatures vanquished.

Vanquished Creatures (collateral kills)
  A necrophage (D:6)
  2 ogres
  A centaur (D:6)
  2 hounds
  2 bullfrog zombies (D:6)
  An orc priest (D:4)
  2 jellies (D:6)
  A gnoll shaman (D:5)
  2 iguanas
  2 orc wizards
  2 gnolls (D:5)
  3 adders
  A white imp (D:5)
  An ufetubus (D:4)
  2 dart slugs (D:1)
  8 orcs
  2 ball pythons (D:1)
  A bat (D:2)
  3 endoplasms
  3 giant cockroaches (D:1)
  5 hobgoblins (D:1)
  2 quokkas (D:1)
  A frilled lizard (D:1)
  A goblin (D:1)
  A kobold (D:1)
  A rat (D:1)
53 creatures vanquished.

Vanquished Creatures (others)
  An orc warrior (D:6)
  2 ogres (D:6)
  4 orcs (D:6)
7 creatures vanquished.

Grand Total: 104 creatures vanquished

Notes
Turn   | Place    | Note
-------+----------+-------------------------------------------
     0 | D:1      | IndexError the Gnoll Summoner began the quest for the Orb.
     0 | D:1      | Reached XP level 1. HP: 13/13 MP: 6/6
    29 | D:1      | HP: 3/13 [frozen (3)]
   139 | D:1      | Reached XP level 2. HP: 11/19 MP: 5/7
   871 | D:1      | Reached XP level 3. HP: 25/25 MP: 7/9
   884 | D:1      | Reached skill level 5 in Spellcasting
  1060 | D:1      | Found Beluttur's Book Shoppe.
  1108 | D:1      | Reached skill level 1 in Invocations
  1233 | D:1      | Learned a level 2 spell: Call Imp
  1237 | D:1      | Learned a level 3 spell: Call Canine Familiar
  1241 | D:1      | Learned a level 3 spell: Summon Guardian Golem
  1712 | D:2      | Reached skill level 1 in Fighting
  1712 | D:2      | Reached skill level 1 in Short Blades
  1712 | D:2      | Reached skill level 1 in Long Blades
  1712 | D:2      | Reached skill level 1 in Axes
  1712 | D:2      | Reached skill level 1 in Maces & Flails
  1712 | D:2      | Reached skill level 1 in Polearms
  1712 | D:2      | Reached skill level 1 in Staves
  1712 | D:2      | Reached skill level 1 in Slings
  1712 | D:2      | Reached skill level 1 in Bows
  1712 | D:2      | Reached skill level 1 in Crossbows
  1712 | D:2      | Reached skill level 1 in Throwing
  1712 | D:2      | Reached skill level 1 in Armour
  1712 | D:2      | Reached skill level 1 in Shields
  1712 | D:2      | Reached skill level 1 in Unarmed Combat
  1712 | D:2      | Reached skill level 1 in Evocations
  1811 | D:2      | Reached XP level 4. HP: 32/32 MP: 11/11
  2616 | D:3      | Found Zaimous's Jewellery Boutique.
  2806 | D:3      | Identified the +0 ring mail "Goegg" {rPois}
  2975 | D:3      | Found a faded altar of an unknown god.
  3212 | D:4      | Found Puifetatt's Jewellery Emporium.
  3220 | D:4      | Found a shimmering blue altar of Sif Muna.
  3243 | D:4      | HP: 4/32 [iguana (14)]
  3245 | D:4      | Reached skill level 1 in Conjurations
  3245 | D:4      | Reached skill level 1 in Hexes
  3245 | D:4      | Reached skill level 1 in Necromancy
  3245 | D:4      | Reached skill level 1 in Translocations
  3245 | D:4      | Reached skill level 1 in Transmutations
  3245 | D:4      | Reached skill level 1 in Fire Magic
  3245 | D:4      | Reached skill level 1 in Ice Magic
  3245 | D:4      | Reached skill level 1 in Air Magic
  3245 | D:4      | Reached skill level 1 in Earth Magic
  3245 | D:4      | Reached skill level 1 in Poison Magic
  3255 | D:4      | Reached XP level 5. HP: 6/37 MP: 4/12
  3583 | D:4      | Found Weips's Antique Weapon Shoppe.
  4266 | D:5      | Entered Level 5 of the Dungeon
  4343 | D:5      | Noticed an ogre
  4542 | D:5      | Found a hide-covered altar of Uskayaw.
  4574 | D:5      | HP: 8/37 [hound (3)]
  4579 | D:5      | HP: 7/37 [hound (2)]
  4584 | D:4      | HP: 5/37 [hound (2)]
  4596 | D:4      | Reached skill level 2 in Invocations
  4596 | D:4      | Reached XP level 6. HP: 7/44 MP: 0/13
  5121 | D:5      | Reached skill level 2 in Fighting
  5121 | D:5      | Reached skill level 2 in Short Blades
  5121 | D:5      | Reached skill level 2 in Long Blades
  5121 | D:5      | Reached skill level 2 in Axes
  5121 | D:5      | Reached skill level 2 in Maces & Flails
  5121 | D:5      | Reached skill level 2 in Polearms
  5121 | D:5      | Reached skill level 2 in Staves
  5121 | D:5      | Reached skill level 2 in Slings
  5121 | D:5      | Reached skill level 2 in Bows
  5121 | D:5      | Reached skill level 2 in Crossbows
  5121 | D:5      | Reached skill level 2 in Throwing
  5121 | D:5      | Reached skill level 2 in Armour
  5121 | D:5      | Reached skill level 5 in Dodging
  5121 | D:5      | Reached skill level 2 in Shields
  5121 | D:5      | Reached skill level 2 in Unarmed Combat
  5121 | D:5      | Reached skill level 2 in Evocations
  5607 | D:6      | Noticed a necrophage
  5621 | D:6      | Noticed an orc warrior
  5623 | D:6      | Killed a necrophage
  5624 | D:6      | Reached XP level 7. HP: 41/50 MP: 8/15
  5639 | D:6      | Reached skill level 2 in Conjurations
  5639 | D:6      | Reached skill level 2 in Hexes
  5639 | D:6      | Reached skill level 2 in Necromancy
  5639 | D:6      | Reached skill level 2 in Translocations
  5639 | D:6      | Reached skill level 2 in Transmutations
  5639 | D:6      | Reached skill level 2 in Fire Magic
  5639 | D:6      | Reached skill level 2 in Ice Magic
  5639 | D:6      | Reached skill level 2 in Air Magic
  5639 | D:6      | Reached skill level 2 in Earth Magic
  5639 | D:6      | Reached skill level 2 in Poison Magic
  5651 | D:6      | HP: 11/51 [bullfrog zombie (6)]
  5941 | D:6      | HP: 10/51 [centaur/arrow (12)]
  5943 | D:6      | HP: 1/51 [centaur/arrow (10)]
  5946 | D:6      | Reached skill level 5 in Stealth
  5946 | D:6      | Reached skill level 3 in Invocations
  6394 | D:6      | Reached XP level 8. HP: 36/57 MP: 7/16
  6602 | D:6      | Found a staircase to the Ecumenical Temple.
  6627 | Temple   | Entered the Ecumenical Temple
  6938 | Temple   | Became a worshipper of Ashenzari the Shackled
  7443 | D:6      | Reached skill level 3 in Fighting
  7443 | D:6      | Reached skill level 3 in Short Blades
  7443 | D:6      | Reached skill level 3 in Long Blades
  7443 | D:6      | Reached skill level 3 in Axes
  7443 | D:6      | Reached skill level 3 in Maces & Flails
  7443 | D:6      | Reached skill level 3 in Polearms
  7443 | D:6      | Reached skill level 3 in Staves
  7443 | D:6      | Reached skill level 3 in Slings
  7443 | D:6      | Reached skill level 3 in Bows
  7443 | D:6      | Reached skill level 3 in Crossbows
  7443 | D:6      | Reached skill level 3 in Throwing
  7443 | D:6      | Reached skill level 3 in Armour
  7443 | D:6      | Reached skill level 3 in Shields
  7443 | D:6      | Reached skill level 3 in Unarmed Combat
  7443 | D:6      | Reached skill level 3 in Evocations
  7685 | D:6      | Reached skill level 6 in Spellcasting
  8485 | D:7      | Learned a level 4 spell: Summon Lightning Spire
  8530 | D:7      | Noticed a hornet
  8547 | D:7      | Paralysed by a hornet for 1 turns
  8553 | D:7      | HP: 11/58 [poisoned by a hornet]
  8558 | D:7      | HP: 2/58 [hornet (13)]
  8560 | D:7      | Succumbed to a hornet's poison

Illustrated notes

Levels and vault maps discovered:
D:1:      minmay_arrival_cross, layout_rooms, serial_shops, shop_fountains
D:2:      layout_basic, serial_corexii_hall, corexii_hall_statues_s,
          chequers_hall_statues_y, corexii_hall_statues_l,
          corexii_hall_statues_i, minmay_misc_feat_diagonals
D:3:      layout_basic, serial_shops, nicolae_shop_window_shopping,
          dreamdust_ecumenical_altar_angels_and_demons
D:4:      layout_loops_ring, nicolae_overflow_crystal_walls, serial_shops,
          nicolae_shop_overgrown_old_shop, minmay_shop_enchanted_jewellery
D:5:      layout_cave_pools, nicolae_uskayaw_murder_on_the_dancefloor,
          kennysheep_generic_room_11
D:6:      layout_layer_cave, minmay_temple_entry_junction_2, enter_ossuary_1
D:7:      minmay_the_grid_octo_tiled_octocenter
          [minmay_the_grid_octo_checkerflower, minmay_the_grid_octo_clover,
          minmay_the_grid_octo_focus, minmay_the_grid_octo_teeth,
          minmay_the_grid_octo_prize_square_snowflake,
          minmay_the_grid_square_5x5_n, minmay_the_grid_square_5x5_v,
          minmay_the_grid_square_5x5_empty, minmay_the_grid_square_5x5_n_small],
          layout_basic, uniq_menkaure
Temple:   mainiacjoe_temple_cubbyholes

Skill      XL: |  1  2  3  4  5  6  7  8 |
---------------+-------------------------+-----
Spellcasting   | 5 6 |  6.1
Invocations    | 1 2 3 |  3.7
Fighting       | 1 2 3 |  3.4
Short Blades   | 1 2 3 |  3.4
Long Blades    | 1 2 3 |  3.4
Axes           | 1 2 3 |  3.4
Maces & Flails | 1 2 3 |  3.4
Polearms       | 1 2 3 |  3.4
Staves         | 1 2 3 |  3.4
Slings         | 1 2 3 |  3.4
Bows           | 1 2 3 |  3.4
Crossbows      | 1 2 3 |  3.4
Throwing       | 1 2 3 |  3.4
Armour         | 1 2 3 |  3.4
Shields        | 1 2 3 |  3.4
Unarmed Combat | 1 2 3 |  3.4
Evocations     | 1 2 3 |  3.4
Conjurations   | 1 2 |  2.8
Hexes          | 1 2 |  2.8
Necromancy     | 1 2 |  2.8
Translocations | 1 2 |  2.8
Transmutations | 1 2 |  2.8
Fire Magic     | 1 2 |  2.8
Ice Magic      | 1 2 |  2.8
Air Magic      | 1 2 |  2.8
Earth Magic    | 1 2 |  2.8
Poison Magic   | 1 2 |  2.8
Dodging        | 5 |  5.8
Stealth        | 5 |  5.4
Summonings     | |  7.7

Action                   |  1- 3 |  4- 6 |  7- 9 || total
-------------------------+-------+-------+-------++-------
Melee: Unarmed           |    17 |       |       ||    17
       Bite              |     5 |     3 |     9 ||    17
       Spear             |    52 |       |       ||    52
       Mace              |    13 |    56 |    42 ||   111
       Punch             |     1 |     2 |       ||     3
 Cast: Summon Small Mamm |    36 |       |     2 ||    38
       Call Canine Famil |     1 |    12 |    17 ||    30
       Call Imp          |       |    11 |    10 ||    21
       Summon Guardian G |       |     4 |     7 ||    11
       Summon Lightning  |       |       |     1 ||     1
  Use: Scroll            |       |     6 |       ||     6
       Potion            |       |       |     4 ||     4
 Stab: Distracted        |     1 |       |       ||     1
       Sleeping          |     2 |     3 |     2 ||     7
Armor: Robe              |    16 |    18 |     6 ||    40
Dodge: Dodged            |    53 |    71 |    45 ||   169

Table legend: (Time is in decaauts)
 A = Elapsed time spent in this place.
 B = Non-inter-level travel time spent in this place.
 C = Inter-level travel time spent in this place.
 D = Time resting spent in this place.
 E = Time spent auto-exploring this place.
 F = Levels seen in this place.
 G = Mean time per level.
                   A        B        C        D        E       F      G
               +--------+--------+--------+--------+--------+-----+--------+
         Total |   8612 |   7961 |    651 |    191 |   6451 |   8 | 1076.5 |
       Dungeon |   8259 |   7670 |    589 |    191 |   6162 |   7 | 1179.9 |
        Temple |    353 |    291 |     62 |      0 |    289 |   1 |  353.0 |
               +--------+--------+--------+--------+--------+-----+--------+

Top non-repeatable levels by time:
     D:6: 2292 daAuts
     D:4: 1690 daAuts
     D:2: 1330 daAuts
     D:1: 1293 daAuts
     D:5: 1005 daAuts
     D:3: 556 daAuts
  Temple: 353 daAuts
     D:7: 90 daAuts

Table legend:
 A = Kills in this place as a percentage of kills in entire the game.
 B = Kills by you in this place as a percentage of kills by you in the entire game.
 C = Kills by friends in this place as a percentage of kills by friends in the entire game.
 D = Other kills in this place as a percentage of other kills in the entire game.
 E = Experience gained in this place as a percentage of experience gained in the entire game.
 F = Experience gained in this place divided by the number of levels of this place that you have seen.
                   A       B       C       D       E      F
               +-------+-------+-------+-------+-------+----------------------
         Total | 100.0 | 100.0 | 100.0 | 100.0 | 100.0 | 237.8
       Dungeon | 100.0 | 100.0 | 100.0 | 100.0 | 100.0 | 271.7
               +-------+-------+-------+-------+-------+----------------------
